 Dungeon Sprint DCSS version 0.18-a0-1045-g4e042de (webtiles) character file.

644 Scytalen the Bludgeoner (level 7, -1/105 HPs)
             Began as an Ogre Berserker on Jan 11, 2016.
             Was a Priest of Trog.
             Succumbed to Sonja's poison
             ... in the Dungeon (Sprint I: "Red Sonja").
             The game lasted 00:02:57 (453 turns).

Scytalen the Bludgeoner (Ogre Berserker)             Turns: 453, Time: 00:02:57

Health: -1/105     AC:  3    Str: 28    XL:     7   Next: 52%
Magic:  7/7        EV: 10    Int:  6    God:    Trog [***...]
Gold:   405        SH:  0    Dex: 11    Spells: 0 memorised, 6 levels left

rFire  . . .     SeeInvis .     k - +0 giant club
rCold  . . .     Gourm    .     b - +0 animal skin
rNeg   . . .     Faith    .     (shield currently unavailable)
rPois  .         Spirit   .     (helmet restricted)
rElec  .         Dismiss  .     (no cloak)
rCorr  .         Reflect  .     (gloves unavailable)
SustAt .         Harm     .     (boots unavailable)
MR     ++...     NoTele   +     (no amulet)
Stlth  ..........               (no ring)
                                (no ring)

@: berserking, lethally poisoned (-1 -> -80), regenerating, very quick, very
resistant to hostile enchantments, extremely unstealthy
A: unfitting armour, tough skin 1
a: Berserk, Trog's Hand, Burn Spellbooks, Renounce Religion


You were in the Dungeon.
You worshipped Trog.
Trog was most pleased with you.
You were not hungry.

You visited 1 branch You collected 405 gold pieces.

Inventory:

Hand Weapons
 a - a +0 mace
 k - a +0 giant club (weapon)
Armour
 b - a +0 animal skin (worn)
Scrolls
 i - a scroll of blinking
Potions
 e - a potion of heal wounds
 f - a potion of haste
 g - 2 potions of magic
 h - a potion of berserk rage
Comestibles
 c - a bread ration
 l - a fruit


   Skills:
 + Level 4.0 Fighting
 - Level 19.0 Maces & Flails
 - Level 2.6 Dodging


You had 6 spell levels left.
You didn't know any spells.

Dungeon Overview and Level Annotations

Branches:
Dungeon (1/1)

Altars:
Cheibriados
Dithmenos
Elyvilon
Fedhas
Gozag
Kikubaaqudgha
Makhleb
Nemelex Xobeh
Okawaru
Pakellas
Qazlal
Ru
Sif Muna
Trog
Vehumet
Xom
Yredelemnul
Zin
The Shining One
Jiyva

Shops:
D *

Annotations:
D Sonja


Innate Abilities, Weirdness & Mutations

You are too large for most types of armour.
You have tough skin (AC +1).


Message History

You feel very sick.
Sonja hits you with an uncursed short sword of venom.
* * * LOW HITPOINT WARNING * * *
You are more poisoned.
Sonja hits you with an uncursed short sword of venom.
* * * LOW HITPOINT WARNING * * *
You are more poisoned.
Sonja hits you with an uncursed short sword of venom.
* * * LOW HITPOINT WARNING * * *
You are more poisoned.
You take 7 damage, and have 6/105 hp.
You miss Sonja.
* * * LOW HITPOINT WARNING * * *
You feel very sick.
Sonja gestures wildly while chanting.
Sonja blinks!
You take 4 damage, and have 2/105 hp.
You are too berserk!
You barely miss Sonja.
You die...

#..').#..').#..'..'..#
#..#####'#####'#__####
#..####..#...#.####§
#..#__####..##)#≈≈≈§c
#..#_.___##'#..+≈≈≈.§
#⌠⌠#_.∩...'.(._#
####_..._##_.#+#
#_____###K# #######
#@# +$§$+ #$.$# ##.##
#+#


You could see Sonja.

Vanquished Creatures
  A slime creature (D)
  Sigmund (D)
  A yak (D)
  An ogre (D)
  A jelly (D)
  Ijyb (D)
6 creatures vanquished.

Notes
Turn   | Place    | Note
--------------------------------------------------------------
     0 | D        | Scytalen the Ogre Berserker began the quest for the Orb.
     0 | D        | Reached XP level 1. HP: 24/24 MP: 1/1
     2 | D        | Noticed Ijyb
     9 | D        | Killed Ijyb
     9 | D        | Reached skill level 8 in Maces & Flails
     9 | D        | Reached XP level 2. HP: 32/32 MP: 2/2
     9 | D        | Reached XP level 3. HP: 39/39 MP: 3/3
    40 | D        | Noticed an ogre
    44 | D        | Killed an ogre
    44 | D        | Reached skill level 12 in Maces & Flails
    44 | D        | Reached XP level 4. HP: 16/48 MP: 4/4
   266 | D        | Noticed Sigmund
   269 | D        | Killed Sigmund
   269 | D        | Reached ** piety under Trog
   269 | D        | Reached skill level 15 in Maces & Flails
   269 | D        | Reached XP level 5. HP: 54/54 MP: 5/5
   269 | D        | Reached XP level 6. HP: 62/62 MP: 6/6
   319 | D        | Found a snail-covered altar of Cheibriados.
   319 | D        | Found a viscous altar of Jiyva.
   319 | D        | Found a shadowy altar of Dithmenos.
   319 | D        | Found a blossoming altar of Fedhas.
   319 | D        | Noticed a slime creature
   323 | D        | Killed a slime creature
   323 | D        | Reached skill level 17 in Maces & Flails
   323 | D        | Reached XP level 7. HP: 70/70 MP: 7/7
   354 | D        | Found a deep blue altar of Sif Muna.
   356 | D        | Found a radiant altar of Vehumet.
   359 | D        | Reached *** piety under Trog
   359 | D        | Reached skill level 18 in Maces & Flails
   380 | D        | Noticed a centaur warrior
   384 | D        | Found Vehusuuc's General Store.
   384 | D        | Found a white marble altar of Elyvilon.
   384 | D        | Found a stormy altar of Qazlal.
   384 | D        | Found a burning altar of Makhleb.
   384 | D        | Found a sacrificial altar of Ru.
   384 | D        | Found an oddly glowing altar of Pakellas.
   384 | D        | Found a basalt altar of Yredelemnul.
   384 | D        | Found a glowing golden altar of the Shining One.
   384 | D        | Found a sparkling altar of Nemelex Xobeh.
   384 | D        | Found a shimmering altar of Xom.
   384 | D        | Found an opulent altar of Gozag.
   384 | D        | Found an ancient bone altar of Kikubaaqudgha.
   384 | D        | Found a glowing silver altar of Zin.
   384 | D        | Noticed a yak
   387 | D        | Killed a yak
   387 | D        | Reached skill level 19 in Maces & Flails
   388 | D        | Found an iron altar of Okawaru.
   389 | D        | Found a bloodstained altar of Trog.
   440 | D        | Noticed Sonja
   452 | D        | HP: 2/105 [poisoned by Sonja]
   453 | D        | Succumbed to Sonja's poison

Vault maps used:
D:        dungeon_sprint_1

Action                   |  1- 3 |  4- 6 |  7- 9 || total
-------------------------+-------+-------+-------++-------
Melee: Mace              |     9 |       |       ||     9
       Giant club        |       |     4 |    13 ||    17
Invok: Berserk           |     2 |     2 |     2 ||     6
       Trog's Hand       |       |       |     1 ||     1
  Use: Potion            |       |       |     1 ||     1
  Eat: Chunk             |       |     1 |     3 ||     4
